 Dungeon Crawl Stone Soup version 0.23.2-1-ga50397a6bc (webtiles) character file.

Game seed: 9805110160360746775

1210 Freyura the Cudgeler (level 8, 0/61 HPs)
             Began as a Demonspawn Gladiator on June 2, 2019.
             Was a Believer of Okawaru.
             Killed from afar by an acid dragon (5 damage)
             ... with a splash of acid
             ... on level 6 of the Dungeon.
             The game lasted 00:23:27 (6794 turns).

Freyura the Cudgeler (Demonspawn Gladiator)         Turns: 6794, Time: 00:23:27

Health: 0/61       AC:  3    Str: 15    XL:     8   Next: 22%
Magic:  9/11       EV: 18    Int: 14    God:    Okawaru [**....]
Gold:   277        SH:  0    Dex: 17    Spells: 7/7 levels left

rFire    . . .     SeeInvis .   s - +3 flail
rCold    x . .     Gourm    .   (no shield)
rNeg     . . .     Faith    .   b - +1 leather armour
rPois    .         Spirit   .   (helmet restricted)
rElec    .         Reflect  .   (no cloak)
rCorr    .         Harm     .   (no gloves)
MR       +....                  r - +5 pair of boots of Bad Feelings {rC- MR+ Int+5}
Stlth    +++.......             (no amulet)
HPRegen  0.20/turn              (no ring)
MPRegen  0.12/turn              (no ring)

@: heroism, corroded
A: antennae 1, claws 1, hooves 1, spiny 1
a: Heroism, Renounce Religion


You were on level 6 of the Dungeon.
You worshipped Okawaru.
Okawaru was pleased with you.
You were hungry.

You visited 1 branch of the dungeon, and saw 6 of its levels.

You collected 277 gold pieces.

Inventory:

Hand Weapons
 s - a +3 flail (weapon)
Missiles
 d - 5 throwing nets (quivered)
Armour
 b - a +1 leather armour (worn)
 r - the +5 pair of boots of Bad Feelings (worn) {rC- MR+ Int+5}
   (You found it on level 5 of the Dungeon)

   It affects your intelligence (+5).
   It makes you vulnerable to cold.
   It affects your resistance to hostile enchantments.
Wands
 c - a wand of digging (6)
Scrolls
 g - 2 scrolls of identify
 i - 5 scrolls of remove curse
 j - a scroll of amnesia
 k - 2 scrolls of teleportation {unknown}
 l - a scroll of fear
 q - a scroll of magic mapping {unknown}
Potions
 e - 2 potions of flight
 m - a potion of mutation
 n - 2 potions of magic
 o - 2 potions of curing
 p - 2 potions of agility {unknown}
Comestibles
 f - 10 rations


   Skills:
 + Level 4.5(9.5) Fighting
 * Level 6.0(11.0) Maces & Flails
 - Level 1.7(6.7) Throwing
 + Level 3.4(8.4) Armour
 + Level 4.5(9.5) Dodging
 + Level 4.4 Invocations


You had 7 spell levels left.
You didn't know any spells.
Your spell library was empty.

Dungeon Overview and Level Annotations

Branches:
Dungeon (6/15)             Temple (0/1) D:4

Altars:
Kikubaaqudgha
Makhleb
Okawaru
Ru
Uskayaw
Vehumet
Zin

Shops:
D:4 [


Innate Abilities, Weirdness & Mutations

You have a pair of small antennae on your head.
You have sharp fingernails.
You have large cloven feet.
You are partially covered in sharp spines.


Message History

The acid dragon claws you.
* * * LOW HITPOINT WARNING * * *
You gain the combat prowess of a mighty hero.
The acid dragon misses you. x2
You sock the acid dragon!
The acid dragon is severely wounded.
You hit the acid dragon but do no damage.
The acid dragon is severely wounded.
The acid dragon closely misses you. The acid dragon misses you.
You hit the acid dragon but do no damage.
The acid dragon is severely wounded.
The acid dragon is struck by your spines.
The acid dragon bites you!
* * * LOW HITPOINT WARNING * * *
The acid dragon completely misses you.
You hit the acid dragon but do no damage.
The acid dragon is severely wounded.
The acid dragon spits acid at you. The splash of acid hits you.
You die...

.............#.
.............#
#######......#
#...........# ..
#...........#####....
#....................
#...#########'#########
#...#.................#
##...#..........@......#
.#...#..>#####+##D.....#
........#.......+....>.#
8.8.8...#.####+##......#
........#.# #...#.#
........'.# ...# #
.......[#.# ...#
_)......#.# ...#
........#..


You could see an acid dragon.

Vanquished Creatures
  A sky beast (D:6)
  3 phantoms
  An ogre (D:5)
  A big kobold (D:4)
  2 bullfrogs (D:6)
  2 crimson imps
  A hound (D:5)
  A jelly (D:5)
  2 orc priests (D:6)
  Terence (D:3)
  An orc wizard (D:6)
  A worker ant (D:4)
  A hound zombie (D:5)
  A hound skeleton (D:4)
  Robin (D:3)
  14 adders
  A howler monkey skeleton (D:4)
  A shadow imp (D:5)
  An ooze (D:1)
  An adder skeleton (D:4)
  A worm (D:4)
  2 dart slugs
  7 leopard geckos
  18 orcs
  3 giant cockroaches
  16 goblins
  7 hobgoblins
  11 jackals
  10 kobolds
  2 ball pythons
  4 bats
  2 frilled lizards
  A leopard gecko skeleton (D:5)
  4 rats
126 creatures vanquished.

Vanquished Creatures (others)
  A kobold (D:1)
  A rat (D:1)
2 creatures vanquished.

Grand Total: 128 creatures vanquished

Notes
Turn   | Place    | Note
-------+----------+-------------------------------------------
     0 | D:1      | Freyura the Demonspawn Gladiator began the quest for the
                  | Orb.
     0 | D:1      | Reached XP level 1. HP: 16/16 MP: 1/1
   249 | D:1      | Gained mutation: You have sharp fingernails. [demonic
                  | ancestry]
   249 | D:1      | Reached XP level 2. HP: 22/22 MP: 2/2
   352 | D:1      | Reached skill level 3 in Maces & Flails
   860 | D:2      | Gained mutation: You have a pair of small antennae on your
                  | head. [demonic ancestry]
   860 | D:2      | Reached XP level 3. HP: 22/28 MP: 3/3
  1035 | D:2      | Found a radiant altar of Vehumet.
  1035 | D:2      | Found an ancient bone altar of Kikubaaqudgha.
  1091 | D:2      | Reached skill level 1 in Armour
  1755 | D:2      | Reached XP level 4. HP: 12/34 MP: 4/4
  2166 | D:2      | Found a glowing silver altar of Zin.
  2265 | D:3      | Found an iron altar of Okawaru.
  2280 | D:3      | Became a worshipper of Warmaster Okawaru
  2678 | D:3      | Noticed Terence
  2701 | D:3      | Killed Terence
  2789 | D:3      | Identified the +0 helmet of the Snake Pit {*Drain Int+7
                  | Slay+2}
  2789 | D:3      | Noticed Robin
  3065 | D:3      | Found a burning altar of Makhleb.
  3065 | D:3      | Noticed a blizzard demon
  3085 | D:3      | Reached XP level 5. HP: 37/40 MP: 5/5
  3091 | D:3      | Reached skill level 1 in Invocations
  3396 | D:3      | Reached skill level 4 in Maces & Flails
  3656 | D:3      | Killed Robin
  4449 | D:4      | Gained mutation: You have large cloven feet. [demonic
                  | ancestry]
  4449 | D:4      | Reached XP level 6. HP: 28/47 MP: 7/7
  4488 | D:4      | Found Wucleror's Antique Armour Emporium.
  4824 | D:4      | Reached * piety under Okawaru
  4909 | D:4      | Found a staircase to the Ecumenical Temple.
  5367 | D:4      | Found a sacrificial altar of Ru.
  5498 | D:5      | Entered Level 5 of the Dungeon
  5556 | D:5      | Gained mutation: You are partially covered in sharp spines.
                  | [demonic ancestry]
  5556 | D:5      | Reached XP level 7. HP: 49/53 MP: 9/9
  5631 | D:5      | Reached skill level 5 in Maces & Flails
  6243 | D:5      | Got a pair of polished boots
  6262 | D:5      | Got a pair of steaming boots
  6263 | D:5      | Identified the cursed +0 pair of boots "Muytuwn" {MP+9}
                  | (You found it on level 5 of the Dungeon)
  6264 | D:5      | Identified the +5 pair of boots of Bad Feelings {rC- MR+
                  | Int+5} (You found it on level 5 of the Dungeon)
  6574 | D:6      | Reached ** piety under Okawaru
  6608 | D:6      | Reached XP level 8. HP: 60/60 MP: 11/11
  6651 | D:6      | Found a hide-covered altar of Uskayaw.
  6770 | D:6      | Reached skill level 6 in Maces & Flails
  6794 | D:6      | Killed from afar by an acid dragon

Skill      XL: |  1  2  3  4  5  6  7  8 |
---------------+-------------------------+-----
Maces & Flails | 3 4 5 6 |  6.0
Dodging        | 3 4 |  4.5
Armour         | 1 2 3 |  3.4
Invocations    | 1 2 4 |  4.4
Fighting       | 3 4 |  4.5
Throwing       | |  1.7

Action                   |  1- 3 |  4- 6 |  7- 9 || total
-------------------------+-------+-------+-------++-------
Melee: Flail             |   111 |   296 |    91 ||   498
       Kick              |       |    29 |     8 ||    37
       Punch             |       |       |     5 ||     5
Invok: Heroism           |       |       |     3 ||     3
  Use: Scroll            |       |    11 |     3 ||    14
       Potion            |       |     3 |     1 ||     4
 Stab: Sleeping          |     1 |       |       ||     1
       Distracted        |       |       |     1 ||     1
  Eat: Chunk             |     2 |     9 |     4 ||    15
       Ration            |       |     1 |       ||     1
Armor: Leather armour    |    31 |    64 |    22 ||   117
       Skin              |       |    14 |       ||    14
Dodge: Dodged            |    91 |   238 |    61 ||   390
